[Event "42nd Olympiad Baku 2016 Women"]
[Site "Baku"]
[Date "2016.09.03"]
[Round "2.22"]
[White "Gjergji, Rozana"]
[Black "Mpinganjira, Ellen"]
[Result "1-0"]
[ECO "C11"]
[WhiteElo "1947"]
[BlackElo "1373"]
[Annotator ""]
[PlyCount "57"]
[EventDate "2016.??.??"]
[EventCountry "AZE"]
[SourceTitle "playchess.com"]
[Source "ChessBase"]
[WhiteTeam "Albania"]
[BlackTeam "MAW"]
[WhiteTeamCountry "ALB"]
[TimeControl "40/5400+30:1800+30"]

1. e4 {(00:00)} e6 {(00:00)} 2. d4 {(00:00)} d5 {(
00:00)} 3. Nc3 {(00:26)} Nf6 {(00:21)} 4. e5 {(02:20)}
Nfd7 {(00:09)} 5. f4 {(00:56)} c5 {(01:38)} 6. Nf3 {
(03:39)} Nc6 {(00:13)} 7. Ne2 {(02:12)} Be7 {(01:
42)} 8. c3 {(01:28)} O-O {(01:27)} 9. Ng3 {(03:47)} Qa5 {
(06:39)} 10. Be3 {(05:29)} cxd4 {(01:24)} 11. Nxd4 {
(02:02)} Nxd4 {(02:38)} 12. Bxd4 {(00:18)} Qc7 {(
01:45)} 13. Bd3 {(06:08)} f6 {(05:07)} 14. exf6 {(05:52)}
Bxf6 {(00:53)} 15. Be3 {(00:44)} Be7 {(08:23)} 16. Nh5 {
(08:51)} e5 {(08:01)} 17. Qg4 {(04:17)} Bf6 {(03:
25)} 18. Qe6+ {(02:49)} Kh8 {(02:51)} 19. Qxd5 {(01:48)}
exf4 {(03:38)} 20. Qe4 {(10:11)} g6 {(02:07)} 21. Nxf4 {
(03:46)} Nc5 {(02:21)} 22. Nd5 {(03:13)} Nxd3+ {(
01:15)} 23. Qxd3 {(00:10)} Qc6 {(01:08)} 24. Nxf6 {(01:19]
} Rxf6 {(02:30)} 25. Bd4 {(00:33)} Bf5 {(03:17)} 26. Bxf6+
{(00:24)} Qxf6 {(00:03)} 27. Qd4 {(00:14)} Re8+ {(
00:51)} 28. Kf2 {(00:58)} Be4+ {(04:36)} 29. Qxf6+ {(00:
39)} 1-0

[Event "42nd Olympiad Baku 2016 Women"]
[Site "Baku"]
[Date "2016.09.03"]
[Round "2.9"]
[White "Golubenko, Valentina"]
[Black "Abdumalik, Zhansaya"]
[Result "0-1"]
[ECO "D71"]
[WhiteElo "2245"]
[BlackElo "2389"]
[Annotator ""]
[PlyCount "92"]
[EventDate "2016.??.??"]
[EventCountry "AZE"]
[SourceTitle "playchess.com"]
[Source "ChessBase"]
[WhiteTeam "Croatia"]
[BlackTeam "Kazakhstan"]
[WhiteTeamCountry "CRO"]
[BlackTeamCountry "KAZ"]
[TimeControl "40/5400+30:1800+30"]

1. d4 {(00:00)} Nf6 {(00:00)} 2. c4 {(00:04)} g6 {(
00:42)} 3. g3 {(00:26)} Bg7 {(04:24)} 4. Bg2 {(00:34)} c5
{(02:33)} 5. d5 {(06:09)} d6 {(03:53)} 6. Nc3 {(01:
16)} O-O {(02:01)} 7. Nf3 {(02:08)} e6 {(02:24)} 8. O-O {
(01:39)} exd5 {(04:38)} 9. cxd5 {(00:09)} Re8 {(01:
58)} 10. Bf4 {(05:53)} Na6 {(04:51)} 11. Nd2 {(12:18)} Nh5
{(04:30)} 12. Be3 {(01:09)} Nc7 {(02:06)} 13. a4 {(
03:06)} Bf5 {(08:26)} 14. Nc4 {(07:19)} Qd7 {(04:03)} 15.
Bg5 {(14:24)} h6 {(08:42)} 16. Bc1 {(00:27)} Nf6 {(
06:11)} 17. f3 {(07:24)} g5 {(03:13)} 18. e4 {(01:10)} Bg6
{(00:36)} 19. Be3 {(05:10)} g4 {(04:10)} 20. Bf4 {(
04:28)} gxf3 {(08:00)} 21. Bxf3 {(00:05)} Nxe4 {(00:37)}
22. Nxe4 {(01:34)} Rxe4 {(00:20)} 23. Bxe4 {(06:19)} Bxe4
{(00:02)} 24. Qh5 {(00:36)} Nxd5 {(06:29)} 25. Rad1 {
(03:52)} Nxf4 {(04:54)} 26. Rxf4 {(00:28)} Qe6 {(
00:41)} 27. Nxd6 {(10:45)} Bc2 {(00:30)} 28. Rd5 {(03:37)}
Rd8 {(06:53)} 29. Nf5 {(00:26)} Rxd5 {(01:11)} 30. Ne7+ {
(00:20)} Qxe7 {(00:08)} 31. Qxd5 {(00:05)} Bg6 {(
01:19)} 32. b3 {(00:50)} b6 {(00:30)} 33. Qa8+ {(00:57)}
Kh7 {(00:08)} 34. Qd5 {(00:06)} Be5 {(00:32)} 35. Rf3 {
(01:29)} Bd4+ {(00:13)} 36. Kf1 {(00:06)} Kg7 {(00:
25)} 37. Rf4 {(00:31)} Qe3 {(00:49)} 38. Kg2 {(00:27)}
Qe2+ {(00:53)} 39. Kh3 {(00:09)} Bg1 {(01:16)} 40. Qg2 {
(00:00)} Qe6+ {(00:00)} 41. g4 {(02:53)} Be3 {(01:
16)} 42. Qb2+ {(04:05)} Bd4 {(00:19)} 43. Qg2 {(01:40)}
Qxb3+ {(00:24)} 44. Rf3 {(00:07)} Qxa4 {(00:13)} 45. g5 {
(00:22)} Qd7+ {(00:20)} 46. Kh4 {(00:27)} Qe7 {(00:
12)} 0-1

[Event "42nd Olympiad Baku 2016 Women"]
[Site "Baku"]
[Date "2016.09.03"]
[Round "2.23"]
[White "Gondwe, Vitumbiko"]
[Black "Shabanaj, Alda"]
[Result "0-1"]
[ECO "D94"]
[WhiteElo "1407"]
[BlackElo "1881"]
[Annotator ""]
[PlyCount "74"]
[EventDate "2016.??.??"]
[EventCountry "AZE"]
[SourceTitle "playchess.com"]
[Source "ChessBase"]
[WhiteTeam "MAW"]
[BlackTeam "Albania"]
[BlackTeamCountry "ALB"]
[TimeControl "40/5400+30:1800+30"]

1. d4 {(00:00)} Nf6 {(00:00)} 2. c4 {(00:08)} g6 {(
00:16)} 3. Nc3 {(00:51)} d5 {(00:43)} 4. e3 {(01:11)} Bg7
{(00:36)} 5. Nf3 {(00:27)} O-O {(01:29)} 6. Be2 {(
00:08)} b6 {(01:10)} 7. O-O {(00:57)} Bb7 {(00:28)} 8. Bd2
{(01:56)} Nc6 {(03:03)} 9. Re1 {(01:22)} e6 {(02:
43)} 10. b3 {(02:39)} Re8 {(00:40)} 11. a4 {(01:40)} e5 {
(01:12)} 12. dxe5 {(01:39)} Nxe5 {(00:08)} 13. Qc2 {
(01:50)} dxc4 {(01:09)} 14. bxc4 {(04:23)} Nxf3+ {(
01:18)} 15. Bxf3 {(00:54)} Bxf3 {(00:25)} 16. gxf3 {(00:
08)} Re5 {(01:18)} 17. Ne4 {(02:03)} Nxe4 {(00:17)} 18.
fxe4 {(03:56)} Rg5+ {(00:58)} 19. Kh1 {(00:15)} Qf6 {
(02:05)} 20. Qd1 {(02:40)} Qxf2 {(00:10)} 21. Rg1 {
(00:36)} Rxg1+ {(00:16)} 22. Qxg1 {(00:12)} Qf3+ {(
00:05)} 23. Qg2 {(00:21)} Qxg2+ {(00:06)} 24. Kxg2 {(00:
17)} Bxa1 {(00:06)} 25. Kf3 {(00:36)} Rd8 {(00:40)} 26.
Be1 {(00:27)} Be5 {(00:40)} 27. h3 {(00:16)} Rd1 {(
00:18)} 28. Bb4 {(00:56)} c5 {(00:13)} 29. Ba3 {(00:26)}
Ra1 {(00:06)} 30. Bxc5 {(00:53)} bxc5 {(00:05)} 31. Ke2 {
(00:52)} Rxa4 {(00:05)} 32. Kd3 {(00:15)} a5 {(00:
09)} 33. h4 {(00:24)} Ra3+ {(00:05)} 34. Ke2 {(00:13)} a4
{(00:19)} 35. Kf3 {(00:27)} Rb3 {(00:14)} 36. Ke2 {
(00:29)} a3 {(00:05)} 37. Kd2 {(00:41)} a2 {(00:14]
Kd3} 0-1

[Event "42nd Olympiad Baku 2016 Women"]
[Site "Baku"]
[Date "2016.09.03"]
[Round "2.10"]
[White "Goryachkina, Aleksandra"]
[Black "Heredia Serrano, Carla"]
[Result "1-0"]
[ECO "D10"]
[WhiteElo "2475"]
[BlackElo "2075"]
[Annotator ""]
[PlyCount "45"]
[EventDate "2016.??.??"]
[EventCountry "AZE"]
[SourceTitle "playchess.com"]
[Source "ChessBase"]
[WhiteTeam "Russia"]
[BlackTeam "Ecuador"]
[WhiteTeamCountry "RUS"]
[BlackTeamCountry "ECU"]
[TimeControl "40/5400+30:1800+30"]

1. d4 {(00:00)} d5 {(00:17)} 2. c4 {(00:00)} c6 {(
00:05)} 3. cxd5 {(00:54)} cxd5 {(00:09)} 4. Bf4 {(00:44)}
Nc6 {(06:31)} 5. e3 {(00:48)} Nf6 {(06:29)} 6. Nc3 {
(00:50)} a6 {(08:29)} 7. Bd3 {(00:53)} g6 {(00:20)}
8. h3 {(08:12)} Bg7 {(02:29)} 9. Nf3 {(00:16)} O-O {
(01:04)} 10. O-O {(01:04)} Bf5 {(04:07)} 11. Ne5 {(
05:14)} Nxe5 {(15:33)} 12. dxe5 {(04:47)} Bxd3 {(25:33)}
13. exf6 {(06:36)} Bxf1 {(00:20)} 14. fxg7 {(00:24)} Kxg7
{(00:02)} 15. Kxf1 {(01:14)} e6 {(01:58)} 16. Qd2 {
(02:36)} f6 {(06:47)} 17. Rd1 {(02:27)} g5 {(10:53]
} 18. Bg3 {(01:05)} Qa5 {(06:12)} 19. e4 {(08:02)} d4 {
(00:11)} 20. Qxd4 {(01:11)} Rfd8 {(00:56)} 21. Bd6 {
(02:10)} e5 {(00:30)} 22. Qc4 {(01:52)} Rd7 {(00:
53)} 23. Bf8+ {(00:33)} 1-0

[Event "42nd Olympiad Baku 2016 Women"]
[Site "Baku"]
[Date "2016.09.03"]
[Round "2.2"]
[White "Granados Diaz, Maria Esther"]
[Black "Shih, Ching-An"]
[Result "0-1"]
[ECO "B72"]
[WhiteElo "1831"]
[BlackElo "1460"]
[Annotator ""]
[PlyCount "86"]
[EventDate "2016.??.??"]
[EventCountry "AZE"]
[SourceTitle "playchess.com"]
[Source "ChessBase"]
[WhiteTeam "Nicaragua"]
[BlackTeam "Taiwan"]
[WhiteTeamCountry "NCA"]
[BlackTeamCountry "TPE"]
[TimeControl "40/5400+30:1800+30"]

1. e4 {(00:00)} c5 {(00:00)} 2. Nf3 {(00:00)} d6 {(
00:00)} 3. d4 {(00:00)} cxd4 {(00:00)} 4. Nxd4 {(00:00)}
Nf6 {(00:00)} 5. Nc3 {(00:00)} g6 {(00:01)} 6. Be3 {
(00:06)} Bg7 {(00:07)} 7. Be2 {(00:05)} O-O {(00:
15)} 8. Qd2 {(00:08)} a6 {(00:47)} 9. Bh6 {(02:04)} Nc6 {
(01:23)} 10. Bxg7 {(00:08)} Kxg7 {(00:05)} 11. h4 {
(00:47)} h5 {(00:56)} 12. O-O-O {(01:41)} Bd7 {(09:
33)} 13. f3 {(00:40)} Rh8 {(00:26)} 14. Nd5 {(06:42)} Nxd5
{(02:02)} 15. exd5 {(00:07)} Ne5 {(00:06)} 16. g4 {
(00:47)} hxg4 {(01:45)} 17. h5 {(03:05)} gxf3 {(00:
21)} 18. h6+ {(03:20)} Kh7 {(00:20)} 19. Nxf3 {(01:04)}
Nxf3 {(00:41)} 20. Bxf3 {(00:03)} Bf5 {(00:27)} 21. Qd4 {
(00:55)} Rg8 {(01:51)} 22. Be4 {(01:36)} Bxe4 {(01:
04)} 23. Qxe4 {(00:07)} Rc8 {(00:42)} 24. Rdf1 {(02:20)}
f6 {(09:13)} 25. Qe6 {(05:13)} Rf8 {(01:52)} 26. Rf3 {
(00:42)} Rc7 {(01:06)} 27. Rg3 {(11:41)} Qc8 {(03:
56)} 28. Qe4 {(00:19)} f5 {(00:52)} 29. Qd3 {(01:08)} Rf6
{(02:49)} 30. c3 {(18:18)} e5 {(03:20)} 31. Qd2 {(
06:54)} f4 {(03:56)} 32. Rg5 {(01:18)} Rf5 {(00:13)} 33.
Rg2 {(02:25)} Rc5 {(10:17)} 34. Qd3 {(07:50)} Qe8 {
(01:46)} 35. Qe4 {(04:42)} Qf7 {(00:52)} 36. c4 {(
03:10)} b5 {(00:17)} 37. b3 {(00:18)} bxc4 {(00:16)} 38.
bxc4 {(00:06)} f3 {(00:08)} 39. Rc2 {(01:08)} Rf4 {
(00:22)} 40. Qd3 {(00:00)} Rd4 {(00:00)} 41. Qf1 {(
02:47)} Qf4+ {(01:04)} 42. Kb1 {(01:14)} Rdxc4 {(01:06)}
43. Rb2 {(13:34)} Rb5 {(00:52)} 0-1

[Event "42nd Olympiad Baku 2016 Women"]
[Site "Baku"]
[Date "2016.09.03"]
[Round "2.14"]
[White "Guerrero Rodriguez, Alejandra"]
[Black "Mammadzada, Gunay"]
[Result "0-1"]
[ECO "B53"]
[WhiteElo "2043"]
[BlackElo "2361"]
[Annotator ""]
[PlyCount "138"]
[EventDate "2016.??.??"]
[EventCountry "AZE"]
[SourceTitle "playchess.com"]
[Source "ChessBase"]
[WhiteTeam "Mexico"]
[BlackTeam "Azerbaijan"]
[WhiteTeamCountry "MEX"]
[BlackTeamCountry "AZE"]
[TimeControl "40/5400+30:1800+30"]

1. e4 {(00:00)} c5 {(00:00)} 2. Nf3 {(00:00)} d6 {(
00:00)} 3. d4 {(00:06)} cxd4 {(00:00)} 4. Qxd4 {(00:08)}
a6 {(00:04)} 5. c4 {(00:24)} Nc6 {(00:18)} 6. Qe3 {
(00:21)} Bg4 {(02:30)} 7. Be2 {(03:28)} g6 {(01:42]
} 8. O-O {(02:47)} Bg7 {(02:28)} 9. Rd1 {(02:00)} Qa5 {
(04:45)} 10. Bd2 {(17:02)} Qc5 {(05:55)} 11. Qb3 {(
09:45)} Rb8 {(18:04)} 12. Be3 {(05:22)} Qb4 {(01:31)} 13.
Nc3 {(02:49)} Qxb3 {(04:47)} 14. axb3 {(00:08)} Nf6 {
(00:46)} 15. h3 {(10:57)} Bxf3 {(09:52)} 16. Bxf3 {
(03:39)} Nd7 {(00:31)} 17. Bg4 {(05:03)} Nce5 {(05:
57)} 18. Be2 {(07:13)} Rd8 {(07:39)} 19. f4 {(12:43)} Nc6
{(01:36)} 20. Bf3 {(05:07)} O-O {(05:30)} 21. e5 {(
03:18)} dxe5 {(04:16)} 22. Bxc6 {(00:55)} bxc6 {(00:02)}
23. Rxa6 {(00:09)} exf4 {(07:03)} 24. Bxf4 {(00:41)} Nc5 {
(00:49)} 25. Rxd8 {(03:24)} Nxa6 {(04:15)} 26. Rd7 {
(00:08)} e5 {(04:05)} 27. Be3 {(00:08)} Rb8 {(00:
28)} 28. Ne4 {(02:58)} f5 {(02:06)} 29. Ng5 {(00:10)} e4 {
(01:17)} 30. Ra7 {(01:14)} Nb4 {(00:14)} 31. Ne6 {(
01:51)} Bxb2 {(00:42)} 32. Kf1 {(00:19)} Nd3 {(01:22)} 33.
Rc7 {(00:39)} f4 {(03:40)} 34. Ba7 {(00:35)} Ra8 {(
00:33)} 35. Ng5 {(00:29)} e3 {(01:19)} 36. Ne6 {(01:00)}
Bc3 {(00:57)} 37. Rd7 {(00:31)} Ne5 {(00:52)} 38. Rb7 {
(00:08)} Nd3 {(00:27)} 39. Rd7 {(00:05)} Nb4 {(00:
31)} 40. Nxf4 {(00:00)} Rf8 {(00:00)} 41. Bxe3 {(01:15)}
g5 {(00:40)} 42. Rb7 {(05:56)} Nc2 {(05:25)} 43. Bc5 {
(01:41)} Rxf4+ {(00:09)} 44. Ke2 {(00:08)} Bd4 {(
03:08)} 45. Be7 {(02:46)} h6 {(03:38)} 46. g3 {(00:42)}
Rf2+ {(02:27)} 47. Kd3 {(00:37)} c5 {(04:00)} 48. Bd6 {
(00:27)} Ne1+ {(03:33)} 49. Ke4 {(02:41)} Rf6 {(00:
28)} 50. Kd5 {(02:38)} Nd3 {(01:35)} 51. Be7 {(02:08)} Rf3
{(01:38)} 52. Bd6 {(00:54)} Nb4+ {(02:20)} 53. Rxb4 {
(00:51)} cxb4 {(00:04)} 54. Kxd4 {(00:14)} Rxb3 {(
03:19)} 55. c5 {(00:22)} Kf7 {(00:27)} 56. Kc4 {(01:04)}
Rb1 {(00:27)} 57. c6 {(01:15)} Rc1+ {(00:59)} 58. Kxb4 {
(03:33)} Rxc6 {(00:02)} 59. Bc5 {(00:20)} Ke6 {(00:
04)} 60. Kc4 {(00:10)} Ke5 {(00:05)} 61. h4 {(02:13)} Ke4
{(01:26)} 62. Kb5 {(01:50)} Rf6 {(00:11)} 63. Be7 {
(01:37)} Re6 {(01:26)} 64. Bd8 {(00:16)} g4 {(00:
06)} 65. Bc7 {(01:17)} h5 {(00:26)} 66. Kc5 {(00:24)} Kf3
{(00:22)} 67. Kd4 {(01:55)} Re2 {(00:08)} 68. Bb8 {
(02:07)} Rg2 {(00:09)} 69. Ke5 {(00:37)} Kxg3 {(00:
12)} 0-1

[Event "42nd Olympiad Baku 2016 Women"]
[Site "Baku"]
[Date "2016.09.03"]
[Round "2.4"]
[White "Guo, Qi"]
[Black "Krpovic, Natasa"]
[Result "1-0"]
[ECO "D66"]
[WhiteElo "2417"]
[BlackElo "2073"]
[Annotator ""]
[PlyCount "49"]
[EventDate "2016.??.??"]
[EventCountry "AZE"]
[SourceTitle "playchess.com"]
[Source "ChessBase"]
[WhiteTeam "China"]
[BlackTeam "Montenegro"]
[WhiteTeamCountry "CHN"]
[BlackTeamCountry "MNE"]
[TimeControl "40/5400+30:1800+30"]

1. d4 {(00:00)} Nf6 {(00:06)} 2. Nf3 {(00:00)} d5 {
(00:50)} 3. c4 {(00:00)} e6 {(00:17)} 4. Nc3 {(00:
30)} Be7 {(01:57)} 5. Bg5 {(01:34)} O-O {(01:25)} 6. e3 {
(00:17)} Nbd7 {(06:07)} 7. Rc1 {(03:18)} c6 {(03:
08)} 8. Bd3 {(01:15)} Re8 {(05:22)} 9. O-O {(00:39)} Nf8 {
(14:41)} 10. h3 {(03:02)} dxc4 {(04:34)} 11. Bxc4 {
(00:07)} Nd5 {(00:20)} 12. Bxe7 {(00:15)} Qxe7 {(
00:31)} 13. Ne2 {(04:15)} Nb6 {(03:28)} 14. Bd3 {(00:23)}
Rd8 {(08:33)} 15. Qb3 {(03:18)} Ng6 {(04:21)} 16. Bb1 {
(02:06)} Nd7 {(10:08)} 17. Rfd1 {(00:50)} Re8 {(04:
02)} 18. Qc3 {(08:21)} f6 {(10:09)} 19. Ng3 {(04:48)} Ndf8
{(04:43)} 20. Qb3 {(03:28)} Kh8 {(00:50)} 21. Ne4 {
(01:09)} e5 {(02:25)} 22. dxe5 {(00:19)} Be6 {(01:
06)} 23. exf6 {(01:17)} gxf6 {(02:29)} 24. Qc3 {(00:14)}
Nd7 {(01:29)} 25. Rxd7 {(01:32)} 1-0

[Event "42nd Olympiad Baku 2016 Women"]
[Site "Baku"]
[Date "2016.09.03"]
[Round "2.23"]
[White "Gutmakher, Olga"]
[Black "Cordero, Daniela"]
[Result "1-0"]
[ECO "C02"]
[WhiteElo "2216"]
[BlackElo "1954"]
[Annotator ""]
[PlyCount "159"]
[EventDate "2016.??.??"]
[EventCountry "AZE"]
[SourceTitle "playchess.com"]
[Source "ChessBase"]
[WhiteTeam "Israel"]
[BlackTeam "Bolivia"]
[WhiteTeamCountry "ISR"]
[BlackTeamCountry "BOL"]
[TimeControl "40/5400+30:1800+30"]

1. e4 {(00:00)} e6 {(00:00)} 2. d4 {(00:00)} d5 {(
00:00)} 3. e5 {(00:00)} c5 {(00:00)} 4. c3 {(00:00)} Nc6 {
(00:14)} 5. Nf3 {(00:08)} Nge7 {(00:13)} 6. Na3 {(
00:12)} cxd4 {(00:37)} 7. cxd4 {(00:08)} Nf5 {(00:34)} 8.
Nc2 {(00:10)} Qb6 {(01:35)} 9. Bd3 {(03:36)} Bb4+ {
(02:13)} 10. Kf1 {(02:34)} Bd7 {(04:57)} 11. g4 {(
01:36)} Nh6 {(08:43)} 12. h3 {(01:45)} O-O-O {(35:03)} 13.
a3 {(06:06)} Bf8 {(00:42)} 14. b4 {(01:36)} f6 {(
03:36)} 15. Bxh6 {(13:27)} gxh6 {(12:05)} 16. exf6 {(00:
22)} Bd6 {(01:26)} 17. Qd2 {(07:39)} e5 {(04:48)} 18. b5 {
(14:17)} e4 {(01:28)} 19. bxc6 {(06:15)} Bxc6 {(00:
06)} 20. Be2 {(02:42)} exf3 {(00:17)} 21. Bxf3 {(00:11)}
Rdf8 {(02:46)} 22. Qxh6 {(05:17)} Qb3 {(07:00)} 23. Ne3 {
(08:20)} Qd3+ {(08:05)} 24. Kg2 {(00:15)} Qxd4 {(
00:39)} 25. Nf5 {(00:45)} Qf4 {(01:27)} 26. Ne7+ {(01:31)}
Kb8 {(02:19)} 27. Qxf4 {(01:58)} Bxf4 {(00:02)} 28. Bxd5 {
(01:35)} Bxd5+ {(00:23)} 29. Nxd5 {(00:18)} Be5 {(
00:08)} 30. g5 {(04:40)} Rhg8 {(01:15)} 31. f4 Bxf4 {(02:
02)} 32. Nxf4 {(02:11)} Rxg5+ {(00:17)} 33. Kf3 {(01:48)}
Rxf6 {(00:02)} 34. Rac1 {(01:33)} Ra5 {(00:32)} 35. Rhe1 {
(06:09)} Rxa3+ {(01:09)} 36. Re3 {(03:18)} Rxe3+ {(
00:02)} 37. Kxe3 {(00:04)} Rh6 {(00:56)} 38. Ke4 {(01:05)}
b5 {(00:34)} 39. Kd5 {(03:07)} Kb7 {(00:21)} 40. Rc3 {
(00:00)} a6 {(00:00)} 41. Nd3 {(07:47)} Kb6 {(05:
21)} 42. Ne5 {(00:23)} Rh5 {(12:38)} 43. Kd6 {(02:52)} Ka5
{(02:29)} 44. Ra3+ {(02:10)} Kb4 {(00:34)} 45. Re3 {
(00:11)} Ka4 {(02:25)} 46. Kc5 {(02:59)} b4 {(03:
42)} 47. Re4 {(02:55)} a5 {(00:16)} 48. h4 {(00:24)} Ka3 {
(02:35)} 49. Kc4 {(02:11)} b3 {(00:37)} 50. Kc3 {(
01:01)} b2 {(04:30)} 51. Nc4+ {(00:33)} Ka2 {(00:10)} 52.
Nxb2 {(00:14)} Rc5+ {(00:59)} 53. Nc4 {(00:11)} h6 {
(01:02)} 54. Re2+ {(03:34)} Kb1 {(00:15)} 55. Rb2+ {
(00:34)} Kc1 {(00:34)} 56. Ra2 {(00:25)} Kd1 {(00:
32)} 57. Kd4 {(01:01)} Rh5 {(00:13)} 58. Ne3+ {(00:37)}
Kc1 {(00:23)} 59. Rh2 {(02:10)} a4 {(00:35)} 60. Kc3 {
(00:51)} Rc5+ {(00:27)} 61. Nc4 {(00:04)} Kd1 {(00:
17)} 62. Kb4 {(00:35)} Rc7 {(00:51)} 63. Nb2+ {(00:20)}
Ke1 {(00:21)} 64. Nxa4 {(00:58)} Kf1 {(00:11)} 65. Nc5 {
(01:18)} Kg1 {(00:18)} 66. Rd2 {(01:04)} Rg7 {(00:
45)} 67. Rd4 {(00:47)} Kg2 {(01:10)} 68. Ne6 {(00:15)} Rg8
{(00:38)} 69. h5 {(01:24)} Kg3 {(00:27)} 70. Kc5 {(
01:19)} Rg4 {(00:36)} 71. Rd5 {(01:39)} Rh4 {(00:25)} 72.
Kd6 {(00:25)} Kg4 {(00:21)} 73. Ng7 {(00:14)} Rh1 {
(00:27)} 74. Ke6 {(00:19)} Rf1 {(00:27)} 75. Re5 {(
01:01)} Rf2 {(00:18)} 76. Ke7 {(00:44)} Rf1 {(00:48)} 77.
Re6 {(00:22)} Kh4 {(00:44)} 78. Rxh6 {(00:35)} Ra1 {
(00:31)} 79. Kf6 {(00:33)} Ra6+ {(00:17)} 80. Ne6 {
(00:15)} 1-0

[Event "42nd Olympiad Baku 2016 Women"]
[Site "Baku"]
[Date "2016.09.03"]
[Round "2.6"]
[White "Haast, Anne"]
[Black "Ciuksyte, Dagne"]
[Result "1/2-1/2"]
[ECO "C54"]
[WhiteElo "2306"]
[BlackElo "2323"]
[Annotator ""]
[PlyCount "40"]
[EventDate "2016.??.??"]
[EventCountry "AZE"]
[SourceTitle "playchess.com"]
[Source "ChessBase"]
[WhiteTeam "Netherlands"]
[BlackTeam "England"]
[WhiteTeamCountry "NED"]
[BlackTeamCountry "ENG"]
[TimeControl "40/5400+30:1800+30"]

1. e4 {(00:00)} e5 {(00:00)} 2. Nf3 {(09:43)} Nc6 {
(00:00)} 3. Bc4 {(01:27)} Bc5 {(01:52)} 4. c3 {(02:
58)} Nf6 {(14:30)} 5. d3 {(07:29)} d6 {(01:42)} 6. Bb3 {
(01:29)} O-O {(03:24)} 7. Nbd2 {(03:45)} a6 {(01:
30)} 8. h3 {(02:00)} d5 {(22:15)} 9. O-O {(10:11)} dxe4 {
(06:27)} 10. Nxe4 {(01:08)} Nxe4 {(06:08)} 11. dxe4 {
(00:10)} Qf6 {(01:18)} 12. Qe2 {(15:28)} Be6 {(04:
58)} 13. Bd5 {(02:06)} Nd8 {(11:31)} 14. b4 {(23:21)} Bd6
{(03:52)} 15. Rd1 {(03:50)} h6 {(01:10)} 16. Bb2 {(
01:04)} Qg6 {(02:13)} 17. Nh4 {(01:22)} Qg5 {(00:22)} 18.
Nf3 {(00:23)} Qg6 {(00:05)} 19. Nh4 {(00:37)} Qg5 {
(00:05)} 20. Nf3 {(00:19)} Qg6 {(00:05)} 1/2-1/2

[Event "42nd Olympiad Baku 2016 Women"]
[Site "Baku"]
[Date "2016.09.03"]
[Round "2.16"]
[White "Hapala, Elisabeth"]
[Black "Revo, Tatiana"]
[Result "0-1"]
[ECO "B90"]
[WhiteElo "2021"]
[BlackElo "2087"]
[Annotator ""]
[PlyCount "126"]
[EventDate "2016.??.??"]
[EventCountry "AZE"]
[SourceTitle "playchess.com"]
[Source "ChessBase"]
[WhiteTeam "Austria"]
[BlackTeam "Belarus"]
[WhiteTeamCountry "AUT"]
[BlackTeamCountry "BLR"]
[TimeControl "40/5400+30:1800+30"]

1. e4 {(00:00)} c5 {(00:00)} 2. Nf3 {(00:00)} d6 {(
00:00)} 3. d4 {(00:00)} cxd4 {(00:00)} 4. Nxd4 {(00:00)}
Nf6 {(00:00)} 5. Nc3 {(00:00)} a6 {(00:00)} 6. Be3 {
(00:04)} e6 {(00:05)} 7. f3 {(00:10)} b5 {(00:09)}
8. g4 {(00:16)} h6 {(00:48)} 9. Qd2 {(00:14)} Nbd7 {
(00:19)} 10. O-O-O {(00:14)} b4 {(00:24)} 11. Nce2 {
(00:28)} Qc7 {(00:29)} 12. h4 {(00:35)} d5 {(01:19]
} 13. Bf4 {(00:25)} e5 {(00:15)} 14. Bh2 {(00:10)} dxe4 {
(00:20)} 15. g5 {(00:39)} hxg5 {(00:14)} 16. hxg5 {
(00:20)} Rxh2 {(00:26)} 17. Rxh2 {(00:09)} exd4 {(
00:05)} 18. Rh8 {(00:53)} Nd5 {(02:25)} 19. Qxd4 {(01:03)}
Bb7 {(02:39)} 20. fxe4 {(01:45)} N5b6 {(02:22)} 21. g6 {
(07:21)} fxg6 {(02:33)} 22. Qd2 {(04:24)} Nc4 {(20:
52)} 23. Qg5 {(33:29)} Nce5 {(08:13)} 24. Nd4 {(14:43)}
Qd8 {(25:43)} 25. Rxf8+ {(26:46)} Nxf8 {(00:07)} 26. Qxe5+
{(00:02)} Qe7 {(00:21)} 27. Qg3 {(00:38)} Rd8 {(04:
37)} 28. Bc4 {(03:46)} Qc5 {(06:06)} 29. Qd3 {(00:50)} Bc8
{(03:30)} 30. Bb3 {(00:54)} Bg4 {(04:39)} 31. Ba4+ {
(02:26)} Bd7 {(02:11)} 32. Nf3 {(02:17)} Qa5 {(05:
08)} 33. Bxd7+ {(00:38)} Rxd7 {(00:06)} 34. Qc4 {(00:31)}
Rxd1+ {(04:11)} 35. Kxd1 {(00:01)} Qh5 {(00:20)} 36. Qe2 {
(01:08)} Ne6 {(00:34)} 37. Ne1 {(00:33)} Nd4 {(02:
29)} 38. Qxh5 {(00:19)} gxh5 {(00:05)} 39. c3 {(00:19)}
bxc3 {(00:42)} 40. bxc3 {(00:00)} Ne6 {(00:00)} 41. Ke2 {
(04:27)} Ke7 {(17:43)} 42. Kf3 {(08:38)} g5 {(01:
53)} 43. Nd3 {(01:36)} Kf6 {(01:51)} 44. Kg3 {(00:32)} Ke7
{(09:40)} 45. Kf3 {(04:55)} Kd6 {(02:25)} 46. c4 {(
06:19)} Nd4+ {(01:48)} 47. Ke3 {(03:49)} Nc6 {(00:25)} 48.
Kf3 {(01:08)} a5 {(00:51)} 49. Kg3 {(01:24)} Nd4 {(
01:04)} 50. Kf2 {(01:32)} Nc2 {(01:33)} 51. Kg3 {(00:22)}
Ne3 {(00:20)} 52. c5+ {(01:07)} Kc6 {(00:04)} 53. Kf3 {
(00:18)} Nd1 {(00:18)} 54. a3 {(01:41)} Nc3 {(00:
18)} 55. Ke3 {(00:36)} a4 {(01:01)} 56. Kd4 {(00:30)} Nb5+
{(00:10)} 57. Ke5 {(00:34)} h4 {(00:21)} 58. Kf5 {(
00:08)} h3 {(00:39)} 59. Kxg5 {(00:33)} h2 {(00:05)} 60.
Nf2 {(00:02)} Nxa3 {(00:08)} 61. e5 {(00:34)} Nb5 {
(00:12)} 62. e6 {(00:41)} a3 {(00:09)} 63. e7 {(00:
12)} Nc7 {(00:09)} 0-1